 Dungeon Crawl Stone Soup version 0.28.0-53-g5a82cb258f (webtiles) character file.

Game seed: 4429409422997645180

101637 Godmorgon the Warrior (level 15, -27/149 HPs)
             Began as a Minotaur Fighter on Aug 14, 2022.
             Was a High Priest of Okawaru.
             Annihilated by an alligator (34 damage)
             ... led by an alligator
             ... called by a spriggan druid
             ... on level 1 of the Swamp.
             The game lasted 01:43:11 (25988 turns).

Godmorgon the Warrior (Minotaur Fighter)           Turns: 25988, Time: 01:43:12

Health: -27/149    AC: 38    Str: 34    XL:     15   Next: 83%
Magic:  16/23      EV: 13    Int:  5    God:    Okawaru [*****.]
Gold:   1579       SH: 11    Dex: 11    Spells: 14/14 levels left

rFire   + . .      SeeInvis +   a - +6 mace of Sijafani {vamp, rN+ rCorr Str+7}
rCold   . . .      Faith    .   c - +0 buckler
rNeg    + . .      Spirit   .   Q - +11 chain mail "Fiuceece" {rF+ SInv}
rPois   .          Reflect  +   y - +2 hat
rElec   .          Harm     .   E - +2 cloak
rCorr   +          Rampage  .   X - +2 pair of gloves
Will    ++...                   p - +1 pair of boots
Stlth   ..........              t - amulet of reflection
HPRegen 0.34/turn               q - ring of willpower
MPRegen 0.18/turn               H - +4 ring of protection

@: about to teleport, heroic, finesse-ful, corroded, studying Maces & Flails
A: horns 2, retaliatory headbutt
a: Renounce Religion, Heroism, Finesse, Duel


You were on level 1 of the Swamp.
You worshipped Okawaru.
Okawaru was extremely pleased with you.
You visited 5 branches of the dungeon, and saw 25 of its levels.

You collected 2582 gold pieces.
You spent 1003 gold pieces at shops.

Inventory:

Hand Weapons
 a - the +6 mace of Sijafani (weapon) {vamp, rN+ rCorr Str+7}
   (You found it on level 4 of the Lair of Beasts)

   It occasionally heals its wielder for a portion of the damage dealt when it
   wounds a living foe.
   Str:       It affects your strength (+7).
   rN:        It protects you from negative energy.
   rCorr:     It protects you from acid and corrosion.
 b - a +2 morningstar of holy wrath
Missiles
 f - 11 atropa-tipped darts
 i - 14 curare-tipped darts
 u - 18 poisoned darts
 M - 13 javelins
 P - 15 boomerangs (quivered)
 V - 4 silver boomerangs
 Y - 4 silver javelins
Armour
 c - a +0 buckler (worn)
 p - a +1 pair of boots (worn)
 y - a +2 hat (worn)
 E - a +2 cloak (worn)
 Q - the +11 chain mail "Fiuceece" (worn) {rF+ SInv}
   (You found it on level 13 of the Dungeon)

   rF:        It protects you from fire.
   SInv:      It lets you see invisible.
 X - a +2 pair of gloves (worn)
Jewellery
 k - a ring of protection from cold
 q - a ring of willpower (left hand)
 t - an amulet of reflection (around neck)
 z - a ring of protection from cold
 H - a +4 ring of protection (right hand)
 I - a ring of protection from fire
Wands
 d - a wand of iceblast (32)
 g - a wand of paralysis (5)
 D - a wand of polymorph (15)
Scrolls
 h - a scroll of enchant weapon
 l - 10 scrolls of teleportation
 n - 4 scrolls of magic mapping
 w - a scroll of amnesia {unknown}
 F - a scroll of holy word {unknown}
 G - 2 scrolls of silence
 J - a scroll of fear {unknown}
 R - 2 scrolls of fog
 U - 3 scrolls of blinking
Potions
 e - 2 potions of invisibility
 j - 3 potions of cancellation
 o - 8 potions of curing
 r - 6 potions of heal wounds
 s - 5 potions of magic
 v - a potion of ambrosia
 x - 2 potions of lignification
 B - 3 potions of haste
 C - 2 potions of berserk rage
 L - a potion of resistance
 O - 2 potions of flight


   Skills:
 + Level 18.0(23.0) Fighting
 - Level 16.0(21.0) Maces & Flails
 + Level 12.5(17.5) Throwing
 - Level 15.0(20.0) Armour
 + Level 6.0(11.0) Dodging
 - Level 5.0(10.0) Shields
 + Level 12.7 Invocations


You had 14 spell levels left.
You didn't know any spells.
Your spell library was empty.

Dungeon Overview and Level Annotations

Branches:
Dungeon (15/15)            Temple (1/1) D:4            Lair (6/6) D:9
  Swamp (1/4) Lair:4        Snake (0/4) Lair:3        Slime (0/5) Lair:5
    Orc (2/2) D:10            Elf (0/3) Orc:2        Vaults (0/5) D:14
 Depths (0/4) D:15

Altars:
Ashenzari
Cheibriados
Dithmenos
Elyvilon
Fedhas
Gozag
Hepliaklqana
Kikubaaqudgha
Makhleb
Nemelex Xobeh
Okawaru
Qazlal
Ru
Sif Muna
Trog
Uskayaw
Vehumet
Wu Jian
Xom
Yredelemnul
Zin
The Shining One
Beogh
Jiyva

Shops:
D:5 :   D:6 !   D:15 *   Orc:1 *   Orc:2 *[(:*


Innate Abilities, Weirdness & Mutations

You have a pair of horns on your head.
You reflexively headbutt those who attack you in melee.


Message History

The swamp worm fires a harpoon shot at you.
The harpoon shot misses you. The goliath frog hits you from afar!
The acid corrodes you!
You are splashed with acid.
You resist.
The alligator bites you but does no damage.
The alligator tail-slaps you!
You gain the combat prowess of a mighty hero.
The goliath frog barely misses you. You block the alligator's attack. x2
A swamp worm comes into view.
You can now deal lightning-fast blows.
The goliath frog misses you. The alligator barely misses you.
The alligator tail-slaps you!
The alligator puts on a burst of speed!
The bunyip claws you! The bunyip closely misses you.
The bunyip claws you but does no damage.
The swamp worm fires a harpoon shot at you.
The harpoon shot hits you.
You are yanked forward by the harpoon shot.
You hit the bunyip but do no damage. You block the swamp worm's attack.
You closely miss the swamp worm. You thump the swamp worm!
You headbutt the swamp worm.
The swamp worm is moderately wounded.
You block the alligator's attack.
The alligator tail-slaps you but does no damage.
The swamp worm bites you but does no damage.
The swamp worm bites you.
The goliath frog hits you but does no damage.
You hit the swamp worm.
You feel better.
Your headbutt misses the swamp worm.
The swamp worm is heavily wounded.
You barely miss the swamp worm. You headbutt the swamp worm.
The swamp worm is heavily wounded.
The alligator bites you!!
* * * LOW HITPOINT WARNING * * *
The alligator tail-slaps you but does no damage.
The swamp worm bites you but does no damage. x2
As you read the scroll of teleportation, it crumbles to dust.
You feel strangely unstable. The goliath frog hits you from afar!!
* * * LOW HITPOINT WARNING * * *
You are splashed with acid.
You resist.
* * * LOW HITPOINT WARNING * * *
The alligator bites you!!
You die...

.≈...≈≈≈.♣♣..≈... §.
.≈≈.≈≈≈.≈≈...♣♣≈≈≈.♣♣≈≈
♣...≈...≈≈.≈.♣♣≈♣≈≈....
♣....≈≈≈§≈≈≈.♣♣.♣.≈.≈≈.
♣♣.♣≈.≈≈>≈..♣≈♣♣.....§§≈
♣.≈.≈.........♣♣(♣≈..≈≈≈
♣.≈.≈§♣≈..#...♣.≈≈≈.♣≈♣≈
♣♣.≈≈..w≈.##......≈≈.≈≈≈≈
♣.≈§≈≈Ft@.#..≈≈...≈...≈≈.
♣.≈≈≈♣≈x♣w#..≈.....≈>...≈
♣.§≈≈≈≈......≈.?....♣♣♣♣≈
♣..≈≈≈§≈≈..##)....))♣♣ ♣
♣...≈.:..≈...#..##).≈♣
.≈≈♣≈≈♣≈§.†.[####....♣
.≈≈≈≈≈...♣≈♣.......≈<♣
.^≈≈≈≈$♣♣♣♣♣.≈.≈♣.≈≈♣
.≈≈≈[. ♣...♣♣♣≈♣♣


You could see a bunyip, an alligator (strong, swift), a goliath frog (strong)
and 2 swamp worms.

Vanquished Creatures
  A sphinx (D:12)
  Gastronok (Lair:2)
  An orc warlord (D:10)
  An ettin (D:12)
  2 fire dragons
  Erolcha (D:11)
  2 ogre magi
  7 hydras
  A boulder beetle (D:13)
  9 two-headed ogres
  A centaur warrior (D:14)
  A vampire mage (D:15)
  Erica (D:11)
  3 death yaks (Lair:4)
  2 tengu warriors (D:14)
  Urug (D:11)
  Sonja (D:10)
  A death drake (shapeshifter) (D:12)
  8 skeletal warriors
  2 goliath frogs (Swamp:1)
  A swamp dragon (shapeshifter) (D:12)
  A spriggan druid (Swamp:1)
  2 lindwurms
  A bog body (Lair:4)
  A wizard (D:14)
  An orc knight (Orc:2)
  Pikel (D:4)
  A necromancer (D:15)
  An oklob plant (Lair:6)
  A sphinx zombie (D:15)
  8 ugly things
  4 deep elf pyromancers
  8 orc sorcerers (Orc:2)
  5 cyclopes
  2 manticores
  Maurice (D:13)
  25 elephants
  A frost giant skeleton (D:15)
  7 black mambas
  9 cane toads
  A stone giant skeleton (D:15)
  2 molten gargoyles (Lair:6)
  A gargoyle (D:7)
  2 unseen horrors
  A torpor snail (Lair:5)
  A spriggan zombie (D:15)
  A freezing wraith (D:14)
  2 rime drakes
  2 efreet
  4 kobold demonologists
  12 komodo dragons
  2 trolls
  A wind drake (shapeshifter) (D:14)
  6 meliai
  3 hornets (Swamp:1)
  A polar bear (Lair:6)
  8 slime creatures
  8 blink frogs
  A dream sheep (shapeshifter) (D:14)
  A centaur simulacrum (D:12)
  A wraith (D:12)
  98 yaks
  3 spriggans (Swamp:1)
  7 wyverns
  2 water elementals (D:14)
  4 vampire mosquitoes (D:15)
  8 basilisks
  5 steam dragons
  A redback (D:12)
  2 swamp worms (Swamp:1)
  5 wargs
  Edmund (D:6)
  3 acid dragons
  2 nagas
  14 water moccasins
  4 hell hounds (Lair:6)
  4 ice beasts
  17 orc warriors
  2 sky beasts (D:6)
  8 ogres
  A necrophage (D:5)
  13 wolves
  4 centaurs
  2 lemures (D:4)
  A kobold brigand (D:6)
  A phantom (D:4)
  10 bullfrogs
  A water moccasin zombie (D:7)
  A water moccasin skeleton (D:6)
  7 killer bees
  2 jellies
  2 electric eels (D:14)
  4 lava snakes (Lair:6)
  3 centaur zombies
  A bullfrog zombie (D:6)
  2 bullfrog skeletons
  12 orc priests
  Crazy Yiuf (D:7)
  3 centaur skeletons
  2 hounds
  Jessica (D:2)
  2 iguanas
  37 orc wizards
  2 hell rats (Lair:5)
  A killer bee zombie (D:7)
  2 hound skeletons (D:4)
  2 howler monkey zombies (D:8)
  Robin (D:2)
  12 adders
  7 river rats (Lair:5)
  5 white imps
  An adder zombie (D:5)
  A worm (D:3)
  5 dart slugs
  72 orcs
  2 ball pythons
  7 endoplasms
  3 giant cockroaches
  14 goblins
  8 hobgoblins
  2 jackals (D:1)
  22 kobolds
  3 quokkas
  9 bats
  2 frilled lizards
  7 rats
682 creatures vanquished.

Vanquished Creatures (others)
  A vampire (D:11)
  A lava snake (Lair:6)
  24 fungi
  13 plants
39 creatures vanquished.

Grand Total: 721 creatures vanquished

Notes
Turn   | Place    | Note
-------+----------+-------------------------------------------
     0 | D:1      | Godmorgon the Minotaur Fighter began the quest for the Orb.
     0 | D:1      | Reached XP level 1. HP: 19/19 MP: 0/0
   165 | D:1      | Reached XP level 2. HP: 27/27 MP: 1/1
   319 | D:1      | You fall into a shaft and drop 1 floor!
   328 | D:2      | Reached skill level 4 in Fighting
   332 | D:2      | Found a faded altar of an unknown god.
   477 | D:2      | Noticed Robin
   490 | D:2      | Reached XP level 3. HP: 30/33 MP: 2/2
   493 | D:2      | Killed Robin
  1106 | D:1      | Reached XP level 4. HP: 38/41 MP: 3/3
  1741 | D:4      | Reached skill level 5 in Maces & Flails
  1785 | D:4      | Found a shadowy altar of Dithmenos.
  1918 | D:4      | Reached skill level 5 in Fighting
  1918 | D:4      | Reached XP level 5. HP: 40/48 MP: 4/4
  2040 | D:4      | Found a sparkling altar of Nemelex Xobeh.
  2178 | D:4      | Noticed a lemure
  2178 | D:4      | Noticed a lemure
  2178 | D:4      | Noticed Pikel
  2192 | D:4      | Noticed a lemure
  2196 | D:4      | Killed a lemure
  2210 | D:4      | Killed a lemure
  2256 | D:4      | Noticed a lemure
  2266 | D:4      | Killed Pikel
  2267 | D:4      | Reached skill level 6 in Fighting
  2267 | D:4      | Reached XP level 6. HP: 55/58 MP: 5/5
  2267 | D:4      | Reached XP level 7. HP: 60/64 MP: 6/6
  2367 | D:4      | Identified the amulet of the Townfolk {Acrobat rN+++ Str-5
                  | Dex+5}
  2478 | D:4      | Found a sacrificial altar of Ru.
  2576 | D:4      | Found a staircase to the Ecumenical Temple.
  2585 | Temple   | Entered the Ecumenical Temple
  2901 | Temple   | Became a worshipper of Warmaster Okawaru
  3079 | D:4      | Found a shimmering altar of Xom.
  3464 | D:2      | Noticed Jessica
  3473 | D:2      | Killed Jessica
  3474 | D:2      | Reached skill level 7 in Fighting
  4175 | D:5      | Entered Level 5 of the Dungeon
  4350 | D:5      | Found Zumemm's Self-Improvement Boutique.
  4663 | D:5      | Reached * piety under Okawaru
  4664 | D:5      | Reached XP level 8. HP: 67/73 MP: 7/7
  4727 | D:5      | Found a radiant altar of Vehumet.
  4780 | D:5      | Found a snail-covered altar of Cheibriados.
  5050 | D:6      | Found Bupater's Distillery.
  5084 | D:6      | Bought a potion of haste for 140 gold pieces
  5084 | D:6      | Bought a potion of heal wounds for 70 gold pieces
  5084 | D:6      | Bought a potion of curing for 42 gold pieces
  5084 | D:6      | Bought a potion of degeneration for 14 gold pieces
  5089 | D:6      | Identified 2 scrolls of acquirement
  5095 | D:6      | Acquired a manual of Maces & Flails
  5097 | D:6      | Acquired 630 gold pieces
  5103 | D:6      | Bought a potion of invisibility for 112 gold pieces
  5103 | D:6      | Bought a potion of haste for 140 gold pieces
  5226 | D:6      | Reached skill level 10 in Maces & Flails
  5333 | D:6      | Reached skill level 8 in Fighting
  5443 | D:6      | Reached ** piety under Okawaru
  5536 | D:6      | Noticed Edmund
  5547 | D:6      | Killed Edmund
  5884 | D:6      | Found a white marble altar of Elyvilon.
  5949 | D:6      | Found a basalt altar of Yredelemnul.
  6167 | D:6      | Reached XP level 9. HP: 79/82 MP: 8/8
  6229 | D:6      | Reached skill level 9 in Fighting
  6517 | D:7      | Reached skill level 1 in Throwing
  6525 | D:7      | Reached skill level 1 in Invocations
  6533 | D:7      | Found a stormy altar of Qazlal.
  6745 | D:7      | Noticed a gargoyle
  6759 | D:7      | Killed a gargoyle
  6759 | D:7      | Reached *** piety under Okawaru
  7361 | D:7      | Found a runed translucent door.
  7362 | D:7      | Noticed Crazy Yiuf
  7368 | D:7      | Killed Crazy Yiuf
  7652 | D:8      | Reached skill level 15 in Maces & Flails
  8188 | D:9      | Noticed a two-headed ogre
  8209 | D:8      | Reached XP level 10. HP: 51/93 MP: 9/11
  8210 | D:8      | Killed a two-headed ogre
  8210 | D:8      | Reached **** piety under Okawaru
  8211 | D:8      | Reached skill level 10 in Fighting
  8211 | D:8      | Reached skill level 5 in Throwing
  8651 | D:9      | Received a gift from Okawaru
  8938 | D:9      | Found a staircase to the Lair.
  9256 | D:9      | Received a gift from Okawaru
  9257 | D:9      | Reached skill level 5 in Invocations
  9340 | D:9      | Reached skill level 11 in Fighting
  9575 | Lair:1   | Entered Level 1 of the Lair of Beasts
  9635 | D:9      | Received a gift from Okawaru
  9763 | Lair:1   | Noticed a black mamba
  9775 | Lair:1   | Killed a black mamba
  9910 | Lair:1   | Noticed a four-headed hydra
  9918 | Lair:1   | Killed a four-headed hydra
  9919 | Lair:1   | Reached XP level 11. HP: 104/104 MP: 6/14
 10233 | Lair:1   | Identified the +1 ring mail "Gumnir" {+Blink rF- rCorr
                  | Dex+3}
 10496 | Lair:1   | Reached skill level 12 in Fighting
 10792 | Lair:2   | Noticed Gastronok
 10976 | Lair:2   | Killed Gastronok
 11052 | Lair:2   | Received a gift from Okawaru
 11085 | Lair:2   | Reached skill level 13 in Fighting
 11276 | Lair:2   | Reached ***** piety under Okawaru
 11769 | Lair:2   | Received a gift from Okawaru
 11803 | Lair:3   | Found a staircase to the Snake Pit.
 11873 | Lair:3   | Reached skill level 1 in Dodging
 12019 | Lair:3   | Noticed an eight-headed hydra
 12032 | Lair:3   | Killed an eight-headed hydra
 12423 | Lair:3   | Reached skill level 5 in Armour
 12557 | Lair:3   | Found an opulent altar of Gozag.
 12585 | Lair:3   | Received a gift from Okawaru
 12623 | Lair:3   | Reached XP level 12. HP: 115/115 MP: 17/17
 13160 | Lair:4   | Noticed a seven-headed hydra
 13163 | Lair:4   | Reached skill level 5 in Shields
 13175 | Lair:4   | Killed a seven-headed hydra
 13337 | Lair:4   | Found a staircase to the Swamp.
 13371 | Lair:4   | Identified the +6 mace of Sijafani {vamp, rN+ rCorr Str+7}
 13697 | Lair:4   | Noticed a death yak
 13708 | Lair:4   | Noticed a death yak
 13711 | Lair:4   | Noticed a death yak
 13719 | Lair:4   | Killed a death yak
 13728 | Lair:4   | Reached skill level 14 in Fighting
 13745 | Lair:4   | Killed a death yak
 13752 | Lair:4   | Killed a death yak
 14310 | Lair:5   | Received a gift from Okawaru
 14384 | Lair:5   | Identified the +0 plate armour of Godmorgon's Action
                  | {*Corrode Str+4 Int+5 Slay+2} (Okawaru gifted it to you on
                  | level 5 of the Lair of Beasts)
 14384 | Lair:5   | Received a gift from Okawaru
 14474 | Lair:5   | Reached XP level 13. HP: 117/124 MP: 19/19
 14587 | Lair:5   | Reached skill level 5 in Dodging
 14956 | Lair:5   | Found a viscous altar of Jiyva.
 14956 | Lair:5   | Found a staircase to the Slime Pits.
 15060 | Lair:5   | Reached skill level 10 in Invocations
 15285 | Lair:6   | Entered Level 6 of the Lair of Beasts
 15479 | Lair:6   | Reached skill level 10 in Armour
 15493 | Lair:6   | Received a gift from Okawaru
 15499 | Lair:6   | Reached skill level 10 in Throwing
 15627 | Lair:6   | Found a hide-covered altar of Uskayaw.
 15718 | Lair:6   | Reached skill level 15 in Fighting
 15935 | Lair:6   | Reached ****** piety under Okawaru
 15935 | Lair:6   | Received a gift from Okawaru
 16381 | Lair:6   | Reached XP level 14. HP: 135/135 MP: 20/20
 16824 | Lair:6   | Received a gift from Okawaru
 16875 | Lair:6   | Found a large runed translucent door.
 16875 | Lair:6   | Found a large runed translucent door.
 17242 | D:10     | Entered Level 10 of the Dungeon
 17242 | D:10     | Noticed Sonja
 17259 | D:10     | Killed Sonja
 17292 | D:10     | Received a gift from Okawaru
 17710 | D:10     | Found a staircase to the Orcish Mines.
 18130 | D:11     | Noticed Erica
 18135 | D:11     | Killed Erica
 18500 | D:11     | Noticed Erolcha
 18509 | D:11     | Killed Erolcha
 18555 | D:11     | Noticed Urug
 18596 | D:11     | Killed Urug
 19236 | D:12     | Found a runed translucent door.
 19578 | D:12     | Identified the +1 pair of gloves "Utipyetz" {Str+2}
                  | (Okawaru gifted it to you on level 12 of the Dungeon)
 19578 | D:12     | Received a gift from Okawaru
 19614 | D:12     | Noticed a sphinx
 19621 | D:12     | Killed a sphinx
 19622 | D:12     | Reached skill level 16 in Fighting
 20664 | D:13     | Identified the +11 chain mail "Fiuceece" {rF+ SInv}
 20863 | D:13     | Noticed Maurice
 20882 | D:13     | Killed Maurice
 21176 | D:14     | Found a blossoming altar of Fedhas.
 21309 | D:14     | Found a gate to the Vaults.
 21676 | D:14     | Reached XP level 15. HP: 145/145 MP: 22/22
 21793 | D:14     | Reached skill level 15 in Armour
 22352 | D:14     | Received a gift from Okawaru
 22762 | D:15     | Entered Level 15 of the Dungeon
 22772 | D:15     | Reached skill level 17 in Fighting
 22799 | D:15     | Found a staircase to the Depths.
 22898 | D:15     | Found a burning altar of Makhleb.
 22923 | D:15     | Received a gift from Okawaru
 22986 | D:15     | Found Fuith's Assorted Antiques.
 23167 | D:15     | Received a gift from Okawaru
 23841 | Orc:1    | Entered Level 1 of the Orcish Mines
 23856 | Orc:1    | Noticed an orc warlord
 23886 | D:10     | Killed an orc warlord
 24044 | Orc:1    | Found Huacewn's Gadget Gallery.
 24512 | Orc:2    | Entered Level 2 of the Orcish Mines
 24669 | Orc:2    | Received a gift from Okawaru
 24866 | Orc:2    | Found Cesarag's General Store.
 24866 | Orc:2    | Found Egit's Armour Shop.
 25157 | Orc:2    | Found a staircase to the Elven Halls.
 25204 | Orc:2    | Found Wocuagop's General Store.
 25213 | Orc:2    | Bought 2 potions of cancellation for 208 gold pieces
 25213 | Orc:2    | Bought a scroll of enchant armour for 97 gold pieces
 25213 | Orc:2    | Bought a scroll of identify for 26 gold pieces
 25362 | Orc:2    | Found Teophud's Antique Weapon Emporium.
 25362 | Orc:2    | Found Vigrowno's Book Shop.
 25661 | Orc:2    | Bought a scroll of identify for 28 gold pieces
 25661 | Orc:2    | Bought a scroll of identify for 28 gold pieces
 25661 | Orc:2    | Bought a scroll of magic mapping for 49 gold pieces
 25661 | Orc:2    | Bought a scroll of magic mapping for 49 gold pieces
 25862 | Swamp:1  | Entered Level 1 of the Swamp
 25868 | Swamp:1  | Received a gift from Okawaru
 25874 | Swamp:1  | Reached skill level 18 in Fighting
 25988 | Swamp:1  | HP: 7/149 [acid (3)]
 25988 | Swamp:1  | Annihilated by an alligator

Illustrated notes

Levels and vault maps discovered:
D:1:      grunt_arrival_crossed_arrows, layout_loops_ring,
          chequers_serial_rivers_micro_c, minmay_indecisive_spiral
D:2:      minmay_chambers_of_ones, layout_basic, ebering_ecumenical_altar_rust,
          uniq_jessica, uniq_robin
D:3:      layout_rooms
D:4:      layout_loops_corners, lemuel_coloured_pillars_altar,
          lemuel_tele_altar, nicolae_ru_the_path_less_chosen,
          nicolae_dithmenos_the_darkroom, minmay_temple_entry_large_hall,
          uniq_pikel
D:5:      layout_cave_pods, kennysheep_little_box, vehumet_crystals,
          nicolae_shop_self_help
D:6:      layout_loops_corners, kennysheep_ying_yang, serial_shops,
          nicolae_stop_n_shop_1, minmay_misc_feat_columns, uniq_edmund
D:7:      layout_loops_ring, nicolae_qazlal_style_of_elements,
          uniq_crazy_yiuf_cottage
D:8:      layout_rooms
D:9:      layout_rooms, david_lair_generic
D:10:     layout_loops_ring, orc_0_dummy, grunt_decor_cap, uniq_sonja
D:11:     layout_stronghold, uniq_erica, uniq_erolcha, uniq_urug
D:12:     layout_rooms, minivault_13
D:13:     layout_roguey, uniq_maurice
D:14:     layout_basic, david_vaults_2, fedhas_altar_1
D:15:     gammafunk_depths_entry_grave, layout_irregular_city, serial_shops,
          shop, minivault_26, bloody_makhleb
Temple:   oiseaux_autumnal_temple
Lair:1:   layout_small_grid, grunt_megastairs_1
Lair:2:   layout_regular_city, uniq_gastronok
Lair:3:   layout_chaotic_city, minmay_snake_entry_guardpost_small, basic_altar
Lair:4:   layout_cave_pods, skrybe_swamp_entry_bodies
Lair:5:   layout_regular_city, slime_altar_1, kennysheep_rathole,
          serial_bayou_shore_b
Lair:6:   cheibrodos_lair_end_hotspot, layout_gridlike,
          chequers_serial_rivers_large_a, minivault_27, lemuel_oklob_altar
Swamp:1:  layout_falls_marsh, evilmike_swamp_ruin_house_4
Orc:1:    layout_caves, nicolae_shop_gadgets
Orc:2:    st_orc_town, layout_caves, special_room, serial_shops,
          nicolae_shop_statue_plus

Skill      XL: |  1  2  3  4  5  6  7  8  9 10 11 12 13 14 15 |
---------------+----------------------------------------------+-----
Maces & Flails | 3 4 5 8 9 13 15 16 | 16.0
Fighting       | 4 5 6 7 8 9 11 13 14 15 16 18 | 18.0
Throwing       | 4 6 8 11 12 | 12.5
Invocations    | 3 6 8 9 10 12 | 12.7
Armour         | 5 8 11 14 15 | 15.0
Dodging        | 2 4 5 6 |  6.0
Shields        | 4 5 |  5.0

Action                   |  1- 3 |  4- 6 |  7- 9 | 10-12 | 13-15 || total
-------------------------+-------+-------+-------+-------+-------++-------
Melee: Flail             |    57 |       |       |       |       ||    57
       Headbutt          |    15 |     9 |    70 |   146 |   373 ||   613
       Short sword       |    33 |    78 |       |       |       ||   111
       Whip              |       |       |   318 |   307 |       ||   625
       Morningstar       |       |       |       |    98 |    80 ||   178
       Mace              |       |       |       |   177 |  1307 ||  1484
Throw: Dart              |       |       |     4 |     4 |       ||     8
       Boomerang         |       |       |       |    27 |   119 ||   146
       Javelin           |       |       |       |       |     8 ||     8
Invok: Heroism           |       |       |     9 |    16 |    22 ||    47
       Finesse           |       |       |       |     7 |    11 ||    18
Evoke: Wand              |       |       |     1 |       |       ||     1
  Use: Potion            |       |     1 |       |       |     1 ||     2
       Scroll            |       |       |     9 |     9 |     7 ||    25
Armor: Scale mail        |    30 |    40 |    30 |       |       ||   100
       Chain mail        |       |       |    58 |   282 |   787 ||  1127
Dodge: Dodged            |    29 |    26 |    53 |   142 |   511 ||   761
Block: Buckler           |    19 |    15 |    91 |   247 |   604 ||   976
       Reflection        |       |       |       |     1 |     8 ||     9
